 Dungeon Crawl Stone Soup version 0.21.1-1-g345015f (webtiles) character file.

338 tidbits the Charmwright (level 6, 0/51 HPs)
             Began as a Gnoll Skald on June 22, 2018.
             Slain by an orc warrior
             ... wielding a +0 short sword
              (14 damage)
             ... on level 6 of the Dungeon.
             The game lasted 00:09:20 (926 turns).

tidbits the Charmwright (Gnoll Skald)                Turns: 926, Time: 00:09:20

Health: 0/51       AC:  6    Str: 13    XL:     6   Next: 55%
Magic:  11/14      EV: 15    Int: 21    God:
Gold:   86         SH:  0    Dex: 18    Spells: 4/15 levels left

rFire    + + .     SeeInvis .   a - +0 hand axe
rCold    . . .     Gourm    .   (no shield)
rNeg     . . .     Faith    .   B - +1 leather armour of Repulsion {rF+ Int+4}
rPois    .         Spirit   .   (no helmet)
rElec    .         Reflect  .   C - +0 cloak
rCorr    .         Harm     .   G - +0 pair of gloves
MR       .....                  (no boots)
Stlth    ++........             (no amulet)
HPRegen  0.17/turn              j - ring of protection from fire
MPRegen  0.14/turn              p - +3 ring of dexterity

@: singing
A: distributed training, fangs 1, strong nose
a: no special abilities


You were on level 6 of the Dungeon.
You were not hungry.

You visited 1 branch of the dungeon, and saw 6 of its levels.

You collected 86 gold pieces.

Inventory:

Hand Weapons
 a - a +0 hand axe (weapon)
 l - a +2 short sword of draining
   (You found it on level 2 of the Dungeon)
Missiles
 s - 24 arrows
Armour
 b - a +0 leather armour
 n - a +0 ring mail
 B - the +1 leather armour of Repulsion (worn) {rF+ Int+4}
   (You found it on level 5 of the Dungeon)

   It affects your intelligence (+4).
   It protects you from fire.
 C - a +0 cloak (worn)
 G - a +0 pair of gloves (worn)
Jewellery
 j - a ring of protection from fire (left hand)
   (You found it on level 2 of the Dungeon)
 p - a +3 ring of dexterity (right hand)
   (You found it on level 1 of the Dungeon)
Scrolls
 e - a scroll of amnesia {unknown}
 g - 2 scrolls of fear {unknown}
 o - 2 scrolls of identify {unknown}
 q - a scroll of blinking {unknown}
 r - 3 scrolls of remove curse
Potions
 h - a potion of mutation {unknown}
 i - a potion of degeneration {unknown}
 k - a potion of agility {unknown}
 m - a potion of curing
Books
 d - a book of Battle

   Spells                             Type                      Level
   a - Infusion                       Charms                       1
   b - Shroud of Golubria             Charms/Translocation         2
   c - Song of Slaying                Charms                       2
   d - Spectral Weapon                Hexes/Charms                 3
   e - Regeneration                   Charms/Necromancy            3
Comestibles
 c - 4 rations


   Skills:
 + Level 5.0 Fighting
 + Level 2.0 Short Blades
 + Level 2.0 Long Blades
 + Level 5.0 Axes
 + Level 2.0 Maces & Flails
 + Level 2.0 Polearms
 + Level 2.0 Staves
 + Level 2.0 Slings
 + Level 2.0 Bows
 + Level 2.0 Crossbows
 + Level 2.0 Throwing
 + Level 3.2 Armour
 + Level 5.0 Dodging
 + Level 2.0 Stealth
 + Level 2.0 Shields
 + Level 2.0 Unarmed Combat
 + Level 5.3 Spellcasting
 + Level 1.5 Conjurations
 + Level 1.5 Hexes
 + Level 5.6 Charms
 + Level 1.5 Summonings
 + Level 1.5 Necromancy
 + Level 1.5 Translocations
 + Level 1.5 Transmutations
 + Level 1.5 Fire Magic
 + Level 1.5 Ice Magic
 + Level 1.5 Air Magic
 + Level 1.5 Earth Magic
 + Level 1.5 Poison Magic
 + Level 2.1 Invocations
 + Level 2.0 Evocations


You had 4 spell levels left.
You knew the following spells:

 Your Spells              Type           Power        Failure   Level  Hunger
g - Shroud of Golubria    Chrm/Tloc      ###.......   4%          2    None
i - Infusion              Chrm           ####         1%          1    None
r - Regeneration          Chrm/Necr      ###.......   9%          3    ##.....
w - Spectral Weapon       Hex/Chrm       ###.....     9%          3    ##.....
y - Song of Slaying       Chrm           ####....     1%          2    None


Dungeon Overview and Level Annotations

Branches:
Dungeon (6/15)
 Temple: D:4-7

Altars:
Nemelex Xobeh


Innate Abilities, Weirdness & Mutations

Your experience applies equally to all skills.
You have very sharp teeth.
Your uncanny sense of smell can sniff out nearby items.


Message History

You hit the adder.
The adder is heavily wounded.
You barely miss the orc warrior.
You hit the orc wizard but do no damage.
Your spectral weapon hits the adder!
You kill the adder!
Your spectral weapon hits the orc.
You kill the orc!
Your spectral weapon hits the orc wizard.
The orc warrior hits you with a short sword!
The orc wizard barely misses you.
Unknown command.
You hit the orc wizard.
You kill the orc wizard!
You hit the orc.
You hit the orc warrior but do no damage.
The orc warrior barely misses you. The orc hits you but does no damage.
The orc throws a tomahawk.
The tomahawk hits your spectral weapon.
Your spectral weapon shares its damage with you!
Unknown command.
Okay, then.
You closely miss the orc.
The orc is moderately wounded.
You closely miss the orc warrior. You closely miss the orc.
You hit the orc wizard.
Your spectral weapon hits the orc.
Your spectral weapon barely misses the orc wizard.
Your spectral weapon hits the orc but does no damage.
The orc warrior hits you with a short sword!
The orc completely misses you. The orc wizard barely misses you.
The orc throws a tomahawk.
The tomahawk hits your spectral weapon but does no damage.
The orc closely misses you.
Unknown command.
You closely miss the orc wizard.
The orc wizard is moderately wounded.
You hit the orc. You closely miss the orc warrior. You hit the orc.
You kill the orc!
Your spectral weapon hits the orc wizard!
Your spectral weapon barely misses the orc.
The orc warrior hits you with a short sword!
* * * LOW HITPOINT WARNING * * *
The orc barely misses you.
The orc wizard casts a spell.
The orc wizard seems to speed up.
The orc throws a tomahawk.
The tomahawk closely misses your spectral weapon.
The tomahawk hits you.
* * * LOW HITPOINT WARNING * * *
Unknown command.
You feel better.
You hear a shout!
The bullfrog zombie hits you.
* * * LOW HITPOINT WARNING * * *
The orc wizard barely misses you.
The orc completely misses your spectral weapon.
The orc wizard gestures wildly while chanting.
The orc wizard flickers and vanishes!
The bullfrog zombie barely misses you.
Unknown command.
You closely miss the bullfrog zombie. You hit the orc. You hit the orc warrior.
You hit something.
Your Fighting skill increases to level 5!
Your Short Blades skill increases to level 2!
Your Long Blades skill increases to level 2!
Your Axes skill increases to level 5!
Your Maces & Flails skill increases to level 2!
Your Polearms skill increases to level 2!
Your Staves skill increases to level 2!
Your Slings skill increases to level 2!
Your Bows skill increases to level 2!
Your Crossbows skill increases to level 2!
Your Throwing skill increases to level 2!
Your Dodging skill increases to level 5!
Your Stealth skill increases to level 2!
Your Shields skill increases to level 2!
Your Unarmed Combat skill increases to level 2!
Your Evocations skill increases to level 2!
You feel a bit more experienced.
Your spectral weapon closely misses the bullfrog zombie.
Your spectral weapon hits the orc.
The orc closely misses you.
The bullfrog zombie hits you but does no damage.
The orc throws a tomahawk.
The tomahawk hits your spectral weapon.
Your spectral weapon shares its damage with you!
Your spectral weapon fades away.
* * * LOW HITPOINT WARNING * * *
A shadow imp comes into view.
Okay, then.
Casting: Spectral Weapon
Confirm with . or Enter, or press ? or * to list all spells.
You draw out your weapon's spirit!
You hear a shout!
The orc warrior closely misses you.
The bullfrog zombie completely misses you.
The orc misses you. The orc hits you with a mace.
* * * LOW HITPOINT WARNING * * *
Unknown command.
You closely miss the orc. x2; You slash the orc warrior!
You slash the orc!
You kill the orc!
You hit the bullfrog zombie.
Your spectral weapon barely misses the orc.
The bullfrog zombie misses you.
The orc warrior hits you with a short sword!
You die...

,,,,,***,,................,,,,,**
**,,,* *,...>.............,,,,,,,
***,***,...........5.....,,,,***
*,,,,,....>............,,,,,**
*****,............%....,,,,,,*
*,.................,,,,,,,
*,.......Z.()......,,,,*,,
*,......[Zo).......,,,,**,
*,......o@o........,,,,**,
*,.................,,,,***
*,..$..............,,,,* *
*,.................,,,,* *
********,.................,,,,*
*,,,,,**,.................,,,,*
*,,,,,+,,.................,*,****
*,,,,,***.######.###..##****,* *,
*,,,,,**,,,,,,,,,,,,,,,,,,,,,* *,


You could see an orc warrior, a shadow imp, 2 orcs, a bullfrog zombie, an adder
skeleton and a friendly spectral hand axe.

Vanquished Creatures
  A crimson imp (D:5)
  4 orc wizards
  2 worker ants
  6 adders
  2 oozes (D:1)
  2 leopard geckos
  11 orcs
  2 ball pythons
  4 bats
  7 giant cockroaches
  6 goblins
  4 hobgoblins
  6 jackals (D:1)
  A quokka (D:2)
  3 frilled lizards
  6 kobolds
  10 rats
77 creatures vanquished.

Vanquished Creatures (others)
  A spectral weapon (D:6)
1 creature vanquished.

Grand Total: 78 creatures vanquished

Notes
Turn   | Place    | Note
-------+----------+-------------------------------------------
     0 | D:1      | tidbits the Gnoll Skald began the quest for the Orb.
     0 | D:1      | Reached XP level 1. HP: 20/20 MP: 6/6
     6 | D:1      | Found a runed door.
    78 | D:1      | Reached XP level 2. HP: 23/26 MP: 0/7
    82 | D:1      | Learned a level 2 spell: Song of Slaying
    87 | D:1      | Learned a level 2 spell: Shroud of Golubria
   253 | D:1      | Reached XP level 3. HP: 30/31 MP: 9/9
   258 | D:1      | Learned a level 3 spell: Regeneration
   262 | D:1      | Learned a level 3 spell: Spectral Weapon
   273 | D:2      | Reached skill level 5 in Spellcasting
   328 | D:2      | Reached skill level 1 in Invocations
   378 | D:2      | Reached skill level 1 in Short Blades
   378 | D:2      | Reached skill level 1 in Long Blades
   378 | D:2      | Reached skill level 1 in Maces & Flails
   378 | D:2      | Reached skill level 1 in Polearms
   378 | D:2      | Reached skill level 1 in Staves
   378 | D:2      | Reached skill level 1 in Slings
   378 | D:2      | Reached skill level 1 in Bows
   378 | D:2      | Reached skill level 1 in Crossbows
   378 | D:2      | Reached skill level 1 in Throwing
   378 | D:2      | Reached skill level 1 in Stealth
   378 | D:2      | Reached skill level 1 in Shields
   378 | D:2      | Reached skill level 1 in Unarmed Combat
   378 | D:2      | Reached skill level 1 in Evocations
   378 | D:2      | Reached XP level 4. HP: 32/38 MP: 8/11
   502 | D:1      | Reached skill level 1 in Conjurations
   502 | D:1      | Reached skill level 1 in Hexes
   502 | D:1      | Reached skill level 1 in Summonings
   502 | D:1      | Reached skill level 1 in Necromancy
   502 | D:1      | Reached skill level 1 in Translocations
   502 | D:1      | Reached skill level 1 in Transmutations
   502 | D:1      | Reached skill level 1 in Fire Magic
   502 | D:1      | Reached skill level 1 in Ice Magic
   502 | D:1      | Reached skill level 1 in Air Magic
   502 | D:1      | Reached skill level 1 in Earth Magic
   502 | D:1      | Reached skill level 1 in Poison Magic
   709 | D:4      | Reached XP level 5. HP: 40/43 MP: 4/12
   716 | D:4      | Reached skill level 3 in Armour
   769 | D:5      | Entered Level 5 of the Dungeon
   794 | D:5      | Got an ichor-stained leather armour
   807 | D:5      | Reached skill level 2 in Invocations
   807 | D:5      | Reached XP level 6. HP: 47/50 MP: 6/13
   818 | D:5      | Identified the cursed +1 leather armour of Repulsion {rF+ Int+4} (You found it on level 5 of the Dungeon)
   853 | D:4      | Found a sparkling altar of Nemelex Xobeh.
   909 | D:6      | Noticed an orc warrior
   924 | D:6      | Reached skill level 5 in Fighting
   924 | D:6      | Reached skill level 2 in Short Blades
   924 | D:6      | Reached skill level 2 in Long Blades
   924 | D:6      | Reached skill level 5 in Axes
   924 | D:6      | Reached skill level 2 in Maces & Flails
   924 | D:6      | Reached skill level 2 in Polearms
   924 | D:6      | Reached skill level 2 in Staves
   924 | D:6      | Reached skill level 2 in Slings
   924 | D:6      | Reached skill level 2 in Bows
   924 | D:6      | Reached skill level 2 in Crossbows
   924 | D:6      | Reached skill level 2 in Throwing
   924 | D:6      | Reached skill level 5 in Dodging
   924 | D:6      | Reached skill level 2 in Stealth
   924 | D:6      | Reached skill level 2 in Shields
   924 | D:6      | Reached skill level 2 in Unarmed Combat
   924 | D:6      | Reached skill level 2 in Evocations
   926 | D:6      | Slain by an orc warrior

Skill      XL: |  1  2  3  4  5  6 |
---------------+-------------------+-----
Spellcasting   | 5 |  5.3
Invocations    | 1 2 |  2.1
Short Blades   | 1 2 |  2.0
Long Blades    | 1 2 |  2.0
Maces & Flails | 1 2 |  2.0
Polearms       | 1 2 |  2.0
Staves         | 1 2 |  2.0
Slings         | 1 2 |  2.0
Bows           | 1 2 |  2.0
Crossbows      | 1 2 |  2.0
Throwing       | 1 2 |  2.0
Stealth        | 1 2 |  2.0
Shields        | 1 2 |  2.0
Unarmed Combat | 1 2 |  2.0
Evocations     | 1 2 |  2.0
Conjurations   | 1 |  1.5
Hexes          | 1 |  1.5
Summonings     | 1 |  1.5
Necromancy     | 1 |  1.5
Translocations | 1 |  1.5
Transmutations | 1 |  1.5
Fire Magic     | 1 |  1.5
Ice Magic      | 1 |  1.5
Air Magic      | 1 |  1.5
Earth Magic    | 1 |  1.5
Poison Magic   | 1 |  1.5
Armour         | 3 |  3.2
Fighting       | 5 |  5.0
Axes           | 5 |  5.0
Dodging        | 5 |  5.0
Charms         | |  5.6

Action                   |  1- 3 |  4- 6 || total
-------------------------+-------+-------++-------
Melee: Hand axe          |    68 |   106 ||   174
       Bite              |     6 |    12 ||    18
 Cast: Infusion          |     4 |       ||     4
       Song of Slaying   |     5 |     9 ||    14
       Shroud of Golubri |     1 |     1 ||     2
       Spectral Weapon   |     2 |    10 ||    12
  Use: Potion            |       |     4 ||     4
       Scroll            |       |     4 ||     4
 Stab: Distracted        |       |     2 ||     2
  Eat: Ration            |       |     1 ||     1
Armor: Leather armour    |    18 |    27 ||    45
Dodge: Dodged            |    55 |   100 ||   155

Table legend:
 A = Turns spent in this place as a percentage of turns spent in the entire game.
 B = Non-inter-level travel turns spent in this place as a percentage of non-inter-level travel turns spent in the entire game.
 C = Inter-level travel turns spent in this place as a percentage of turns spent in this place.
 D = Turns resting spent in this place as a percentage of non-inter-level travel turns spent in this place.
 E = Turns spent auto-exploring this place as a percentage of non-inter-level travel turns spent in this place.
 F = Non-inter-level travel turns spent in this place divided by the number of levels of this place that you've seen.
                   A       B       C       D       E      F
               +-------+-------+-------+-------+-------+----------------------
         Total | 100.0 | 100.0 |   0.0 |   0.0 |   0.0 | 154.3
       Dungeon | 100.0 | 100.0 |   0.0 |   0.0 |   0.0 | 154.3
               +-------+-------+-------+-------+-------+----------------------

Table legend:
 A = Kills in this place as a percentage of kills in entire the game.
 B = Kills by you in this place as a percentage of kills by you in the entire game.
 C = Kills by friends in this place as a percentage of kills by friends in the entire game.
 D = Other kills in this place as a percentage of other kills in the entire game.
 E = Experience gained in this place as a percentage of experience gained in the entire game.
 F = Experience gained in this place divided by the number of levels of this place that you have seen.
                   A       B       C       D       E      F
               +-------+-------+-------+-------+-------+----------------------
         Total | 100.0 | 100.0 |   N/A |   N/A | 100.0 |  80.7
       Dungeon | 100.0 | 100.0 |   N/A |   N/A | 100.0 |  80.7
               +-------+-------+-------+-------+-------+----------------------

Vault maps used:
D:1:      dpeg_arrival_caged_fury, minmay_tripent
D:2:      chequers_ecumenical_altar_grove, minivault_14
D:4:      ashenzari_altar_1, led_sif_pool, nemelex_xobeh_ov_fountains_minmay
D:5:      first_ration, grunt_ministairs_2, nrook_pool_corridor
D:6:      corexii_shack_village, minitemple, corexii_leaking_fountain,
          uniq_blork_the_orc, uniq_prince_ribbit1
